 Dungeon Crawl Stone Soup version 0.21.1-1-g345015fe64 (webtiles) character file.

9623 Kejsarherre the Cleaver (level 11, 0/104 HPs)
             Began as a Deep Dwarf Fighter on May 13, 2018.
             Was a Priest of Makhleb.
             Slain by a cyan ugly thing (13 damage)
             ... on level 10 of the Dungeon.
             The game lasted 00:17:36 (9080 turns).

Kejsarherre the Cleaver (Deep Dwarf Fighter)        Turns: 9080, Time: 00:17:36

Health: 0/104      AC: 23    Str: 22    XL:     11   Next: 25%
Magic:  10/10      EV:  8    Int: 10    God:    Makhleb [***...]
Gold:   622        SH:  0    Dex: 12    Spells: 10/10 levels left

rFire    . . .     SeeInvis .   a - +0 war axe
rCold    . . .     Gourm    .   (no shield)
rNeg     . . .     Faith    .   C - +0 plate armour
rPois    .         Spirit   .   D - +0 helmet
rElec    .         Reflect  .   r - scarf {cloud immunity}
rCorr    .         Harm     .   d - +2 pair of gloves
MR       +....                  (no boots)
Stlth    ..........             (no amulet)
HPRegen  0.00/turn              z - ring of flight
MPRegen  0.12/turn              w - +5 ring of protection

@: non-regenerating
A: damage resistance, heal wounds, sense surroundings 2, no regeneration
a: Heal Wounds, Minor Destruction, Lesser Servant of Makhleb, Renounce Religion,
Evoke Flight


You were on level 10 of the Dungeon.
You worshipped Makhleb.
Makhleb was most pleased with you.
You were not hungry.

You visited 2 branches of the dungeon, and saw 12 of its levels.

You collected 622 gold pieces.

Inventory:

Hand Weapons
 a - a +0 war axe (weapon)
Armour
 d - a +2 pair of gloves (worn)
 r - a scarf of cloud immunity (worn)
 C - a +0 plate armour (worn)
 D - a +0 helmet (worn)
Jewellery
 h - an uncursed ring of wizardry
 i - an uncursed ring of protection from cold {unknown}
 m - an uncursed ring of positive energy {unknown}
 w - a +5 ring of protection (right hand)
 y - an uncursed ring of teleportation
 z - a ring of flight (left hand)
Wands
 q - a wand of digging (16)
 E - a wand of flame (52)
Scrolls
 b - 2 scrolls of blinking
 e - 4 scrolls of enchant weapon
 g - a scroll of torment {unknown}
 n - 4 scrolls of fear
 o - 2 scrolls of immolation
 p - 3 scrolls of remove curse
 t - 2 scrolls of noise
 u - a scroll of fog {unknown}
 v - a scroll of magic mapping
 x - 3 scrolls of teleportation
 F - a scroll of enchant armour
 G - a scroll of silence {unknown}
Potions
 c - 3 potions of invisibility
 j - 3 potions of agility
 k - 2 potions of cancellation
 l - a potion of flight
 B - 4 potions of curing
Comestibles
 f - 23 rations


   Skills:
 - Level 8.8 Fighting
 - Level 12.8 Axes
 - Level 7.7 Armour
 - Level 4.6 Dodging
   Level 3.2 Shields
 + Level 7.2 Invocations


You had 10 spell levels left.
You didn't know any spells.

Dungeon Overview and Level Annotations

Branches:
Dungeon (11/15)            Temple (1/1) D:6            Lair (0/6) D:8
    Orc (0/2) D:10

Altars:
Ashenzari
Cheibriados
Dithmenos
Elyvilon
Fedhas
Gozag
Hepliaklqana
Kikubaaqudgha
Makhleb
Nemelex Xobeh
Okawaru
Qazlal
Ru
Sif Muna
Trog
Uskayaw
Vehumet
Wu Jian
Xom
Yredelemnul
Zin
The Shining One


Innate Abilities, Weirdness & Mutations

You are resistant to damage.
You can heal yourself by infusing magical energy.
You passively map the area around you.
You do not regenerate.


Message History

* * * LOW HITPOINT WARNING * * *
You feel much better.
The cyan ugly thing bites you but does no damage.
You barely miss the cyan ugly thing.
The cyan ugly thing is heavily wounded.
The cyan ugly thing bites you.
* * * LOW HITPOINT WARNING * * *
The cyan ugly thing shocks you!
* * * LOW HITPOINT WARNING * * *
You feel much better. The cyan ugly thing bites you.
The cyan ugly thing shocks you!
* * * LOW HITPOINT WARNING * * *
You hit the cyan ugly thing.
The cyan ugly thing is heavily wounded.
You slash the cyan ugly thing!
The cyan ugly thing is severely wounded.
The cyan ugly thing bites you!
* * * LOW HITPOINT WARNING * * *
The cyan ugly thing shocks you!
You die...

######### #.......# #.......#
#.......#### #..........#
#.......##.# ###.......##.#
########...###'####.#############
..............Du@................
.#######.#.....####......########
.# #.....###### ######.#
D####.........##########.########
>...+.........[..................
.####......##.##########.######..
.# #......##.# ######.# #..
.####......##.# #......#### #..
.........#.##.# #.#.......#####


You could see a cyan ugly thing and an acid dragon.

Vanquished Creatures
  A hydra (D:9)
  The ghost of Tali the Cleaver, a novice MiBe of Trog (D:9)
  2 two-headed ogres
  An unseen horror (D:10)
  A troll (D:10)
  A hornet (D:8)
  A hippogriff (D:8)
  A wyvern (D:9)
  A yak (D:8)
  A steam dragon (D:9)
  4 hungry ghosts
  A soldier ant (D:8)
  4 porcupines (D:8)
  A hornet zombie (D:9)
  2 water moccasins
  The ghost of Gelu the Magician, an amateur SpIE (D:4)
  An ice beast (D:9)
  3 black bears
  2 orc warriors
  A phantom (D:5)
  A necrophage (D:10)
  An ogre (D:7)
  5 centaurs
  7 bullfrogs
  A water moccasin skeleton (D:5)
  3 scorpions (D:8)
  9 killer bees
  A wyvern skeleton (D:10)
  5 howler monkeys
  2 electric eels (D:8)
  3 crimson imps
  A jelly (D:7)
  A quasit (D:9)
  5 hounds
  2 bullfrog skeletons
  4 orc priests
  Crazy Yiuf (D:3)
  2 centaur skeletons
  Jessica (D:3)
  An iguana (D:9)
  11 worker ants
  8 orc wizards
  A worker ant zombie (D:5)
  Robin (D:3)
  A howler monkey zombie (D:7)
  4 gnolls (D:2)
  A howler monkey skeleton (D:4)
  11 adders
  2 shadow imps
  6 worms
  A dart slug (D:2)
  7 leopard geckos
  55 orcs
  6 bats
  3 giant cockroaches
  17 goblins
  17 hobgoblins
  21 jackals
  8 quokkas
  A ball python (D:1)
  4 frilled lizards
  9 kobolds
  A leopard gecko skeleton (D:8)
  A leopard gecko zombie (D:7)
  10 rats
  A fungus (D:8)
295 creatures vanquished.

Vanquished Creatures (others)
  28 fungi (D:8)
  8 plants (D:8)
36 creatures vanquished.

Grand Total: 331 creatures vanquished

Notes
Turn   | Place    | Note
-------+----------+-------------------------------------------
     0 | D:1      | Kejsarherre the Deep Dwarf Fighter began the quest for the Orb.
     0 | D:1      | Reached XP level 1. HP: 20/20 MP: 1/1
    88 | D:2      | Reached XP level 2. HP: 22/27 MP: 2/2
   147 | D:2      | Reached skill level 3 in Axes
   186 | D:2      | Reached XP level 3. HP: 30/34 MP: 2/2
   217 | D:2      | Reached skill level 4 in Axes
   251 | D:2      | Reached XP level 4. HP: 24/42 MP: 3/3
   393 | D:3      | Reached XP level 5. HP: 25/50 MP: 3/3
   395 | D:3      | Noticed Robin
   401 | D:3      | Reached skill level 5 in Axes
   421 | D:3      | Killed Robin
   569 | D:4      | Noticed Gelu's ghost (amateur SpIE)
   637 | D:3      | Reached XP level 6. HP: 37/57 MP: 4/4
   750 | D:4      | Reached skill level 6 in Axes
  1159 | D:4      | Killed Gelu's ghost
  1719 | D:5      | Entered Level 5 of the Dungeon
  1756 | D:5      | Reached skill level 7 in Axes
  1756 | D:5      | Reached XP level 7. HP: 47/66 MP: 5/5
  1851 | D:5      | Reached skill level 5 in Fighting
  2002 | D:5      | Reached skill level 8 in Axes
  2023 | D:5      | Found the +4 moon troll leather armour {Spirit, Regen++ MP+5}
  2456 | D:6      | Reached XP level 8. HP: 44/75 MP: 5/5
  2499 | D:6      | Found a staircase to the Ecumenical Temple.
  2546 | Temple   | Entered the Ecumenical Temple
  2844 | Temple   | Became a worshipper of Makhleb the Destroyer
  2946 | D:6      | You fall through a shaft for 2 floors!
  2966 | D:8      | Reached skill level 9 in Axes
  3056 | D:8      | Reached skill level 10 in Axes
  3088 | D:8      | Gained mutation: You passively map the area around you. [Deep Dwarf growth]
  3088 | D:8      | Reached XP level 9. HP: 26/85 MP: 6/6
  3181 | D:8      | Reached skill level 11 in Axes
  3459 | D:8      | Reached * piety under Makhleb
  3463 | D:8      | Found a staircase to the Lair.
  4018 | D:3      | Found a white marble altar of Elyvilon.
  4024 | D:3      | Noticed Jessica
  4030 | D:3      | Killed Jessica
  4144 | D:3      | Found a runed door.
  4208 | D:3      | Noticed Crazy Yiuf
  4213 | D:3      | Killed Crazy Yiuf
  4710 | D:1      | Reached ** piety under Makhleb
  5596 | D:7      | Reached skill level 12 in Axes
  5905 | D:7      | Reached skill level 1 in Dodging
  6421 | D:8      | Reached XP level 10. HP: 54/96 MP: 6/6
  6678 | D:8      | Noticed a two-headed ogre
  6693 | D:8      | Killed a two-headed ogre
  6693 | D:8      | Reached skill level 5 in Armour
  7148 | D:9      | Noticed Tali's ghost (novice MiBe)
  7266 | D:9      | Noticed a six-headed hydra
  7279 | D:9      | Killed a six-headed hydra
  7542 | D:9      | Noticed a two-headed ogre
  7559 | D:9      | Killed a two-headed ogre
  7663 | D:9      | Killed Tali's ghost
  7663 | D:9      | Reached XP level 11. HP: 30/104 MP: 4/7
  8277 | D:10     | Entered Level 10 of the Dungeon
  8354 | D:10     | Reached skill level 5 in Invocations
  8437 | D:10     | Reached *** piety under Makhleb
  8486 | D:10     | Found a staircase to the Orcish Mines.
  8555 | D:10     | Killed an unseen horror
  9036 | D:11     | Noticed a cyan ugly thing
  9080 | D:10     | Slain by a cyan ugly thing

Skill      XL: |  1  2  3  4  5  6  7  8  9 10 11 |
---------------+----------------------------------+-----
Axes           | 3 4 5 7 8 10 12 | 12.8
Fighting       | 3 4 5 6 7 8 |  8.8
Dodging        | 2 4 |  4.6
Armour         | 4 7 |  7.7
Invocations    | 3 7 |  7.2
Shields        | |  3.2

Action                   |  1- 3 |  4- 6 |  7- 9 | 10-12 || total
-------------------------+-------+-------+-------+-------++-------
Melee: War axe           |    91 |   217 |   509 |   291 ||  1108
Invok: Minor Destruction |       |       |       |    11 ||    11
       Lesser Servant of |       |       |       |     1 ||     1
 Abil: Heal Wounds       |     2 |    10 |    10 |    10 ||    32
Evoke: Wand              |       |       |     3 |    14 ||    17
  Use: Scroll            |       |       |     9 |    10 ||    19
       Potion            |       |       |     4 |     2 ||     6
  Eat: Chunk             |       |     2 |    24 |    11 ||    37
       Ration            |       |       |     1 |     1 ||     2
Armor: Scale mail        |    38 |    81 |       |       ||   119
       Chain mail        |       |    62 |   324 |       ||   386
       Plate armour      |       |       |    10 |   232 ||   242
Dodge: Dodged            |    47 |   117 |   187 |   124 ||   475
Block: Shield            |    48 |       |       |       ||    48
